Map: Blackpink LE

Players

SpeCial - Winner!

  • Race: Terran Terran
  • Spawn Location: 7:00

Serral

  • Race: Zerg Zerg
  • Spawn Location: 1:00

Event: WCS Leipzig 2018

VOD

Have the link to the VOD?

Description

Time

  • Played on: Jan. 28, 2018, 7:18 a.m.
  • Length: 25:03

All games in this series

Show
View Real Time Build Order
Export as new Build Order

SpeCial Terran - Winner!

Build Orders: Liberator Opening, Reaper Expand, Mech 

Get SALT Encoding   

  12  0:00  SCV  
  13  0:13  SCV  
  14  0:18  Supply Depot  
  14  0:25  SCV  
  15  0:40  SCV  
  15  0:41  Barracks  
  16  0:44  Refinery  
  16  0:52  SCV  
  17  1:04  SCV  
  18  1:16  SCV  
  19  1:29  Orbital Command, Reaper  
  20  1:38  Command Center  
  20  1:50  Supply Depot  
  20  1:55  SCV  
  20  2:01  Marine  
  21  2:05  Factory  
  21  2:07  SCV  
  23  2:11  Refinery  
  23  2:19  SCV  
  23  2:22  Barracks Reactor  
  24  2:31  SCV  
  25  2:43  SCV  
  26  2:51  Orbital Command, Starport  
  26  2:55  SCV  
  27  3:03  Hellion x2  
  31  3:07  SCV  
  31  3:12  Liberator  
  32  3:13  Barracks Tech Lab  
  32  3:17  SCV  
  32  3:18  Supply Depot  
  34  3:20  SCV  
  34  3:25  Hellion x2  
  38  3:29  SCV  
  38  3:32  SCV  
  43  3:41  SCV, Supply Depot  
  44  3:44  SCV  
  44  3:46  Hellion  
  44  3:47  Hellion  
  49  3:53  SCV  
  50  3:56  SCV  
  51  4:04  Supply Depot  
  51  4:05  SCV  
  51  4:08  SCV  
  57  4:10  Hellion x2  
  57  4:21  SCV x2  
  59  4:24  Banshee  
  59  4:26  Cloaking Field  
  62  4:31  Supply Depot  
  62  4:33  Command Center  
  62  4:35  SCV x2  
  62  4:38  Hellion  
  66  4:40  Hellion  
  68  4:50  Supply Depot, Armory  
  68  4:52  SCV  
  69  4:53  SCV  
  70  5:02  Supply Depot  
  70  5:07  Banshee  
  68  5:09  Hellion x2  
  68  5:11  SCV x2  
  68  5:13  Refinery  
  77  5:15  Refinery  
  77  5:23  SCV x2  
  79  5:31  Factory  
  79  5:35  SCV  
  70  5:38  Hellion x2, SCV  
  70  5:42  Barracks Tech Lab  
  71  5:45  Factory, Terran Vehicle Weapons Level 1  
  71  5:47  SCV  
  71  5:48  Orbital Command  
  72  5:50  SCV  
  73  5:57  Supply Depot  
  73  5:59  Hellion x2, SCV  
  73  6:00  Starport Reactor  
  73  6:02  SCV  
  79  6:11  SCV  
  79  6:13  SCV  
  79  6:14  SCV  
  82  6:23  Hellion x2, SCV  
  82  6:24  Siege Tank  
  91  6:25  SCV  
  91  6:26  SCV  
  91  6:27  Refinery, Supply Depot  
  92  6:35  SCV  
  92  6:37  Refinery, SCV  
  92  6:39  SCV, Supply Depot  
  95  6:43  Siege Tank  
  95  6:44  Hellion x2  
  102  6:48  SCV  
  102  6:49  SCV  
  102  6:51  SCV  
  97  7:00  SCV  
  98  7:02  SCV  
  98  7:03  SCV, Factory  
  98  7:06  Hellion x10  
  98  7:07  Siege Tank, Factory  
  98  7:08  Starport Reactor  
  102  7:12  SCV, Supply Depot  
  102  7:14  SCV  
  102  7:15  SCV, Siege Tank  
  106  7:17  Hellion  
  108  7:23  Supply Depot, Armory  
  108  7:24  SCV  
  108  7:26  SCV  
  108  7:27  SCV  
  108  7:28  Hellion  
  113  7:30  Barracks Tech Lab  
  113  7:34  Infernal Pre-Igniter, Liberator  
  113  7:35  Barracks  
  113  7:36  SCV, Ghost Academy  
  114  7:38  Hellion  
  114  7:41  Supply Depot  
  114  7:44  Siege Tank  
  119  7:47  Siege Tank  
  119  7:49  Hellion  
  119  7:51  Hellion x2, Factory Tech Lab  
  118  7:56  SCV  
  116  8:05  Ghost  
  116  8:10  Moebius Reactor, Siege Tank  
  116  8:11  Command Center  
  119  8:14  Hellion x2  
  122  8:20  Hellion  
  122  8:21  Hellion, Siege Tank  
  122  8:24  Supply Depot  
  122  8:25  Siege Tank  
  122  8:26  Supply Depot  
  132  8:33  Barracks Tech Lab, Ghost  
  134  8:35  Hellion  
  134  8:36  SCV x2  
  136  8:42  Liberator  
  136  8:43  Hellion  
  136  8:44  Hellion  
  131  8:54  Hellion  
  139  8:56  Hellion  
  139  8:57  Terran Vehicle Weapons Level 2  
  139  8:58  Terran Vehicle And Ship Armor Level 1  
  139  8:59  Supply Depot  
  138  9:05  Hellion x2  
  142  9:10  Siege Tank  
  142  9:16  Hellion x2  
  147  9:17  Siege Tank  
  147  9:20  SCV x3  
  147  9:21  Ghost  
  147  9:22  Engineering Bay  
  149  9:28  Ghost  
  151  9:33  Hellion x3  
  151  9:37  Hellion  
  158  9:41  Supply Depot  
  158  9:45  Hellion x2  
  162  9:50  Hellion, Ghost  
  166  9:54  Liberator  
  166  9:55  Hellion  
  166  9:56  Hellion, Starport  
  166  9:58  Supply Depot  
  160  10:00  Planetary Fortress  
  160  10:04  Ghost  
  160  10:05  Hellion  
  160  10:06  Hellion x2, Siege Tank  
  171  10:11  Hellion  
  171  10:13  Refinery x2, Command Center  
  176  10:17  Hellion  
  176  10:18  Ghost  
  180  10:31  Hellion x12, Barracks  
  180  10:33  Liberator, Starport  
  180  10:38  Ghost  
  179  10:48  Ghost  
  179  10:52  Hellion x3  
  179  10:53  Smart Servos  
  188  11:08  Hellion x2, Siege Tank  
  195  11:14  Refinery  
  195  11:15  Starport Tech Lab  
  195  11:16  Terran Ship Weapons Level 1  
  195  11:17  Refinery, Fusion Core  
  192  11:19  Hellion  
  192  11:20  Hellion  
  192  11:24  Liberator  
  193  11:25  Planetary Fortress  
  189  11:33  Command Center  
  189  11:39  Liberator x2  
  187  11:40  Hellion x2  
  187  11:41  Hellion x2  
  187  11:43  Barracks Tech Lab  
  187  11:44  Terran Infantry Armor Level 1  
  192  11:57  Hellion x7  
  198  12:04  Command Center x2  
  196  12:10  Advanced Ballistics  
  196  12:14  Liberator, Starport  
  193  12:22  Liberator  
  193  12:23  Ghost x2  
  193  12:24  Command Center  
  193  12:34  Liberator  
  192  12:41  Ghost  
  191  12:50  Terran Vehicle And Ship Armor Level 2  
  191  12:57  Liberator  
  191  13:05  Liberator  
  188  13:07  Ghost x2  
  188  13:09  Ghost  
  188  13:10  Starport Reactor  
  188  13:16  Orbital Command x2  
  188  13:17  Liberator  
  194  13:30  Liberator  
  194  13:32  Planetary Fortress  
  194  13:34  Missile Turret  
  194  13:39  Hellion x4  
  198  13:55  Planetary Fortress  
  198  13:56  Ghost  
  200  14:04  Liberator x2  
  200  14:06  Liberator  
  191  14:13  Hellion x3  
  191  14:15  Hellion, Thor  
  189  14:18  Terran Ship Weapons Level 2  
  189  14:21  Hellion  
  189  14:22  Hellion  
  199  14:25  Refinery x2  
  199  14:26  Hi-Sec Auto Tracking  
  199  14:27  Engineering Bay  
  199  14:29  Ghost  
  200  14:40  Hellion, Barracks  
  200  14:42  Barracks x2  
  198  14:47  Hellion  
  198  14:55  Hellion  
  198  14:59  Liberator x2  
  195  15:08  Hellion x2  
  195  15:09  Hellion  
  194  15:16  Command Center  
  130  15:21  Liberator x2  
  200  15:27  Hellion  
  193  15:30  Liberator  
  193  15:32  Ghost x2  
  193  15:35  Hellion x2  
  181  15:42  Liberator  
  185  15:44  Hellion x2  
  185  15:46  Siege Tank  
  185  15:48  Barracks Tech Lab x2  
  185  15:49  Barracks Tech Lab  
  195  15:53  Terran Vehicle Weapons Level 3  
  191  16:00  Siege Tank  
  197  16:10  Hellion, Siege Tank  
  190  16:14  Hellion  
  190  16:18  Hellion, Siege Tank  
  190  16:21  Hellion  
  195  16:29  Medivac x2  
  199  16:38  Medivac  
  198  16:40  Hellion  
  198  16:44  Planetary Fortress  
  198  16:46  Sensor Tower  
  200  16:47  Refinery x2  
  200  16:48  Missile Turret  
  200  16:52  Terran Infantry Weapons Level 1  
  197  17:02  Hellion, Starport  
  197  17:03  Siege Tank  
  197  17:07  Starport  
  197  17:08  Factory  
  199  17:09  Factory  
  199  17:18  Building Armor  
  198  17:41  Hellion  
  193  17:49  Hellion x2, Siege Tank  
  193  17:50  Hellion  
  200  17:52  Liberator x2  
  189  18:07  Hellion x2  
  189  18:08  Hellion  
  189  18:10  Cyclone  
  195  18:26  Viking  
  195  18:27  Viking x2  
  179  18:34  Hellion x2  
  179  18:39  Liberator x2  
  179  18:40  Liberator  
  166  18:45  Hellion x4, Siege Tank  
  171  18:52  Viking x2, Ghost  
  177  19:00  Hellion x2  
  178  19:06  Siege Tank  
  177  19:13  Hellion  
  177  19:15  Liberator  
  171  19:24  Siege Tank x2  
  165  19:25  Hellion x2  
  165  19:26  Hellion  
  160  19:40  Hellion  
  160  19:45  Ghost  
  157  19:49  Hellion  
  116  20:06  Hellion x3, Siege Tank, Ghost  
  125  20:16  Factory Tech Lab x2  
  125  20:18  Ghost  
  125  20:19  Ghost  
  129  20:22  Liberator x2  
  129  20:23  Siege Tank  
  129  20:25  Siege Tank  
  135  20:30  Liberator  
  135  20:34  Hellion  
  133  20:38  Thor  
  141  20:44  Hellion x2  
  143  20:50  Hellion  
  143  20:54  Siege Tank x2  
  143  20:56  Hellion  
  150  21:02  Hellion, Siege Tank  
  154  21:05  Ghost  
  154  21:06  Widow Mine  
  154  21:10  Hellion  
  160  21:11  Hellion  
  160  21:17  Hellion  
  162  21:21  Siege Tank  
  162  21:23  Hellion  
  161  21:26  Hellion x2, Ghost  
  161  21:31  Hellion  
  161  21:32  Hellion  
  171  21:34  Ghost  
  171  21:36  Hellion  
  171  21:39  Liberator  
  172  21:43  Hellion  
  172  21:44  Siege Tank  
  177  21:48  Hellion  
  171  21:55  Siege Tank  
  171  21:56  Siege Tank  
  171  22:00  Siege Tank  
  171  22:01  Hellion  
  181  22:16  Hellion x2, Siege Tank  
  192  22:30  Hellion x2, Ghost  
  192  22:31  Ghost x2  
  192  22:35  Ghost  
  198  22:38  Ghost  
  198  22:42  Ghost  
  200  22:44  Hellion  
  198  23:05  Orbital Command  
  198  23:10  Ghost x2  
  195  23:14  Siege Tank  
  195  23:15  Hellion  
  191  23:22  Hellion  
  191  23:24  Hellion  
  181  23:38  Hellion  
  181  23:40  Ghost x2  
  193  23:50  Hellion x4  
  190  24:00  Ghost x2  
  194  24:03  Liberator  
  194  24:08  Ghost x2  
  193  24:13  Ghost  
  185  24:19  Hellion x2  
  157  24:39  Hellion x2  
  157  24:41  Hellion  
Show
View Real Time Build Order
Export as new Build Order

Serral Zerg 

Build Orders: Hatch First, Brood Lord Corruptor 

Get SALT Encoding   

  12  0:00  Drone  
  13  0:13  Overlord  
  13  0:17  Drone  
  14  0:31  Drone x2  
  16  0:35  Drone  
  17  0:51  Hatchery  
  17  0:55  Drone  
  17  0:58  Drone  
  18  1:08  Extractor  
  17  1:14  Spawning Pool  
  17  1:15  Drone  
  17  1:19  Drone  
  18  1:29  Drone  
  19  1:39  Overlord  
  19  1:51  Drone  
  20  2:00  Queen  
  20  2:01  Zergling x2  
  23  2:02  Queen  
  23  2:03  Zergling x2  
  23  2:07  Metabolic Boost  
  26  2:13  Drone  
  26  2:14  Drone  
  28  2:30  Hatchery  
  28  2:32  Drone  
  28  2:36  Drone  
  29  2:39  Drone  
  30  2:46  Queen  
  32  2:51  Overlord  
  32  2:55  Drone  
  32  2:57  Drone  
  34  3:00  Drone  
  34  3:02  Drone  
  36  3:10  Overlord  
  36  3:11  Drone x2  
  38  3:18  Drone  
  39  3:21  Queen  
  39  3:22  Drone x2  
  39  3:27  Zergling x2  
  44  3:29  Overlord  
  44  3:30  Drone  
  45  3:39  Drone  
  45  3:40  Drone, Roach Warren  
  46  3:44  Zergling x4  
  46  3:45  Drone  
  46  3:47  Drone  
  50  3:52  Overlord  
  50  3:54  Drone x2  
  52  4:01  Overlord  
  52  4:11  Zergling x4  
  52  4:14  Overlord  
  54  4:20  Roach x6  
  66  4:31  Queen  
  66  4:32  Lair  
  66  4:33  Zergling x4  
  66  4:34  Zergling x2  
  66  4:35  Drone x2  
  66  4:36  Extractor  
  66  4:37  Drone  
  73  4:40  Drone  
  73  4:41  Drone  
  73  4:43  Overlord  
  75  4:47  Drone x2  
  75  4:48  Drone  
  75  4:51  Drone x2  
  75  4:52  Drone  
  81  4:56  Drone  
  81  4:58  Spore Crawler  
  81  4:59  Overlord  
  81  5:05  Overlord  
  81  5:06  Drone  
  79  5:09  Overlord  
  79  5:10  Drone  
  79  5:12  Drone  
  81  5:15  Drone x2  
  81  5:19  Baneling Nest  
  82  5:23  Drone x2, Evolution Chamber x2  
  82  5:27  Overlord  
  82  5:29  Drone  
  82  5:32  Drone x2  
  85  5:36  Overlord  
  85  5:38  Drone  
  85  5:39  Drone x3  
  85  5:41  Evolution Chamber  
  85  5:42  Glial Reconstitution  
  81  5:45  Drone x3, Extractor x2  
  81  5:49  Spore Crawler  
  79  5:50  Zerg Missile Weapons Level 1  
  79  5:52  Overseer  
  79  5:54  Roach x2  
  83  6:00  Roach  
  85  6:15  Roach x4  
  85  6:16  Drone x5  
  98  6:18  Overlord x2  
  98  6:19  Extractor x2  
  98  6:20  Overlord  
  98  6:21  Drone x4  
  98  6:23  Drone x2  
  101  6:31  Overlord  
  100  6:33  Drone x2  
  102  6:40  Overlord  
  102  6:42  Zerg Ground Armor Level 1, Infestation Pit  
  101  6:49  Drone x10  
  101  6:52  Overlord  
  108  6:55  Drone x2  
  103  7:07  Roach x3  
  109  7:12  Hydralisk Den  
  109  7:13  Hatchery  
  109  7:14  Roach x3  
  113  7:21  Hive  
  113  7:24  Spire  
  112  7:31  Roach x6  
  124  7:50  Extractor  
  123  7:52  Extractor  
  116  7:59  Drone x3  
  116  8:00  Drone x2  
  116  8:01  Hatchery  
  116  8:05  Muscular Augments, Zerg Missile Weapons Level 2  
  120  8:08  Hydralisk x7  
  134  8:14  Drone x4  
  134  8:15  Drone x3  
  134  8:16  Overlord  
  141  8:29  Evolution Chamber  
  135  8:39  Drone x9  
  135  8:40  Drone  
  142  8:41  Greater Spire  
  142  8:44  Viper x2  
  142  8:48  Queen  
  148  8:55  Zerg Ground Armor Level 2  
  150  8:58  Spine Crawler, Spore Crawler  
  148  9:05  Evolution Chamber  
  143  9:10  Drone  
  143  9:11  Drone x11  
  143  9:14  Drone  
  144  9:21  Drone x9  
  152  9:30  Viper  
  154  9:34  Corruptor x2  
  158  9:42  Corruptor x3  
  164  9:46  Hydralisk  
  164  9:47  Hydralisk  
  168  10:06  Overseer x2  
  166  10:08  Brood Lord x2  
  166  10:11  Hydralisk  
  166  10:12  Hydralisk x5  
  182  10:14  Roach x2  
  184  10:21  Overlord x2  
  186  10:34  Brood Lord  
  188  10:42  Zerg Flyer Weapons Level 1  
  188  10:45  Hatchery  
  188  10:48  Corruptor  
  188  10:49  Corruptor x3  
  187  10:53  Roach x5  
  197  11:09  Zerg Missile Weapons Level 3  
  197  11:20  Brood Lord  
  199  11:34  Hatchery  
  199  11:36  Brood Lord x2  
  200  11:46  Extractor  
  199  11:47  Extractor  
  199  11:51  Zerg Ground Armor Level 3  
  196  11:54  Hatchery  
  192  12:04  Brood Lord  
  194  12:14  Corruptor x6  
  198  12:21  Spine Crawler  
  198  12:22  Drone x2, Spine Crawler  
  198  12:24  Spine Crawler  
  198  12:25  Spore Crawler  
  194  12:46  Overseer  
  194  12:47  Brood Lord x3  
  200  13:00  Spore Crawler x3  
  200  13:01  Spore Crawler  
  200  13:02  Spore Crawler, Brood Lord x2  
  199  13:08  Brood Lord  
  185  13:14  Drone x15  
  200  13:20  Pneumatized Carapace  
  200  13:33  Drone x5  
  200  13:55  Hatchery  
  199  14:09  Drone x4  
  189  14:13  Drone x3  
  189  14:15  Hydralisk x6  
  194  14:25  Drone x8  
  200  14:44  Hatchery  
  199  14:51  Viper  
  199  14:52  Hydralisk x3, Viper  
  198  15:02  Hydralisk  
  198  15:06  Hatchery  
  197  15:18  Hatchery  
  144  15:37  Hydralisk  
  144  15:38  Hydralisk x18  
  144  15:40  Viper x2  
  178  15:48  Infestor x3  
  180  16:01  Infestor x2  
  190  16:04  Viper  
  193  16:19  Drone x7  
  194  16:33  Corruptor x3  
  194  16:38  Hatchery  
  194  16:39  Spine Crawler  
  198  16:40  Spore Crawler  
  198  16:43  Spine Crawler  
  198  16:46  Zerg Flyer Armor Level 1, Overseer  
  196  16:59  Corruptor x2  
  194  17:42  Brood Lord x4  
  194  17:43  Brood Lord  
  198  18:08  Hydralisk x5  
  196  18:17  Hydralisk  
  196  18:18  Hydralisk x7  
  197  18:21  Hydralisk  
  197  18:22  Hydralisk x3  
  165  18:43  Viper x3  
  165  18:44  Viper  
  165  18:46  Hydralisk x12  
  199  18:48  Hatchery  
  199  18:50  Hydralisk  
  199  18:52  Extractor  
  189  19:00  Hydralisk x11  
  175  19:15  Hydralisk x5  
  177  19:20  Drone  
  177  19:21  Drone x4  
  176  19:30  Hydralisk x3  
  174  19:38  Infestor x2  
  168  19:51  Hydralisk x6  
  172  20:00  Overlord  
  172  20:03  Spine Crawler  
  172  20:04  Spine Crawler, Drone  
  172  20:05  Drone x5  
  174  20:09  Drone  
  174  20:10  Drone x2  
  175  20:16  Corruptor x2  
  179  20:26  Hydralisk  
  179  20:27  Hydralisk x2  
  181  20:40  Drone x6  
  184  20:45  Corruptor x2  
  182  21:04  Hydralisk x3  
  185  21:19  Extractor  
  185  21:20  Drone x4  
  188  21:27  Hatchery  
  187  21:34  Brood Lord  
  187  21:39  Drone x3, Extractor  
  191  21:42  Extractor  
  191  21:44  Drone x3  
  191  21:45  Drone  
  191  21:46  Drone  
  193  21:49  Brood Lord  
  195  21:59  Spine Crawler  
  195  22:00  Spine Crawler  
  195  22:01  Queen  
  195  22:04  Brood Lord  
  185  22:17  Spine Crawler, Drone x2  
  185  22:18  Drone  
  185  22:20  Extractor  
  185  22:21  Drone x3, Extractor  
  185  22:22  Drone x3, Hydralisk x4, Spore Crawler  
  196  22:41  Brood Lord  
  196  22:43  Corruptor  
  197  23:03  Corruptor x2  
  199  23:08  Hatchery  
  188  23:24  Hydralisk x7  
  198  23:33  Hydralisk x2  
  175  23:39  Spore Crawler x2  
  175  23:40  Spore Crawler  
  170  23:47  Hydralisk x3  
  169  24:05  Hatchery  
  142  24:23  Hydralisk x5  
  142  24:24  Zergling x16  
  140  24:36  Hydralisk  
  142  24:40  Extractor  
  142  24:41  Zergling x4  
  144  24:46  Hatchery  
Tags
 
Add a new tag
Caveats
  • Supply blocks, unpowered buildings, or Contaminate may cause inaccurate times.
  • Supply counts are checked every 10 seconds.